 Dungeon Crawl Stone Soup version 0.22-a0-469-gf26638a (webtiles) character file.

1358 4thArraOfDagon the Skirmisher (level 8, -7/74 HPs)
             Began as a Hill Orc Fighter on June 13, 2018.
             Was a Follower of Beogh.
             Mangled by an ogre
             ... wielding a +0 giant club
              (26 damage)
             ... on level 6 of the Dungeon.
             The game lasted 00:07:42 (1502 turns).

4thArraOfDagon the Skirmisher (Hill Orc Fighter)    Turns: 1502, Time: 00:07:43

Health: -7/74      AC:  8    Str: 19    XL:     8   Next: 64%
Magic:  10/10      EV:  9    Int: 12    God:    Beogh [*.....]
Gold:   55         SH:  0    Dex: 10    Spells: 7/7 levels left

rFire    . . .     SeeInvis .   n - +0 lajatang
rCold    . . .     Gourm    .   (shield currently unavailable)
rNeg     . . .     Faith    .   b - +0 scale mail
rPois    .         Spirit   .   (no helmet)
rElec    .         Reflect  .   (no cloak)
rCorr    .         Harm     .   (no gloves)
MR       .....                  k - +0 pair of boots
Stlth    ..........             (no amulet)
HPRegen  0.22/turn              j - +2 ring of intelligence
MPRegen  0.12/turn              (no ring)

@: no status effects
A: no striking features
a: Renounce Religion


You were on level 6 of the Dungeon.
You worshipped Beogh.
Beogh was aware of your devotion.
You were near starving.

You visited 1 branch of the dungeon, and saw 7 of its levels.
You also visited: Sewer.

You collected 165 gold pieces.
You spent 110 gold pieces at shops.

Inventory:

Hand Weapons
 a - a +0 war axe
 g - the cursed +1 dagger of Circular Logic {antimagic, *Drain rPois Str+2 Dex+9, unknown}
   (You found it on level 4 of the Dungeon)

   It reduces the magical energy of the wielder, and disrupts the spells and
   magical abilities of those hit.
   Natural abilities and divine invocations are not affected.
   It affects your strength (+2).
   It affects your dexterity (+9).
   It protects you from poison.
   It causes draining when unequipped.
   It has a curse placed upon it.
 n - a +0 lajatang (weapon)
Armour
 b - a +0 scale mail (worn)
 k - a +0 pair of boots (worn)
Jewellery
 j - a +2 ring of intelligence (left hand)
Wands
 h - a wand of random effects (54)
Scrolls
 c - a scroll of identify
 d - 2 scrolls of random uselessness
 e - 2 scrolls of blinking
 i - a scroll of remove curse
 m - a scroll of enchant weapon {unknown}
Potions
 l - a potion of flight
 o - a potion of curing
 p - a potion of heal wounds
 q - a potion of might
 r - a potion of degeneration
Comestibles
 f - 6 rations


   Skills:
 + Level 7.6 Fighting
 - Level 6.3 Axes
 * Level 5.8 Staves
 - Level 4.0 Armour
   Level 3.2 Shields
 + Level 3.0 Invocations


You had 7 spell levels left.
You didn't know any spells.
Your spell library was empty.

Dungeon Overview and Level Annotations

Branches:
Dungeon (7/15)             Temple (0/1) D:7

Altars:
Elyvilon
Xom

Shops:
D:4 (   D:6 !%

Annotations:
D:5 Avalon's ghost, novice GrWz


Message History

You barely miss the ogre.
The ogre is severely wounded.
The ogre hits you with a giant club!
* * * LOW HITPOINT WARNING * * *
You barely miss the ogre.
The ogre is severely wounded.
The ogre barely misses you.
Unknown command.
You hit the ogre.
The ogre is almost dead.
The ogre misses you.
Unknown command.
You hit the ogre.
The ogre is almost dead.
The ogre barely misses you.
Unknown command.
You barely miss the ogre.
The ogre is almost dead.
The ogre hits you with a giant club!!
You die...

#..#..# #.#
#..#..# #.#
#.....# #.#
#....#####.#
#..........#
#...########
#...#
#.########...#
#......@O5...#
###########..#
...5.....#
.........#
##########


You could see an ogre and a crimson imp.

Vanquished Creatures
  Grinder (D:4)
  Duvessa (D:4)
  An ice beast (D:5)
  2 ogres
  A black bear (D:6)
  2 centaurs
  A crocodile (Sewer)
  Dowan (D:4)
  A bullfrog zombie (D:7)
  3 hounds
  2 centaur skeletons (D:6)
  An orc wizard (D:4)
  An iguana (D:5)
  2 worker ants
  A howler monkey zombie (D:6)
  5 adders
  A river rat (D:5)
  A shadow imp (D:5)
  An ooze (D:4)
  An adder skeleton (D:5)
  A worm (D:3)
  2 dart slugs
  A leopard gecko (D:5)
  5 orcs (D:5)
  5 giant cockroaches
  A goblin (D:3)
  2 hobgoblins (D:3)
  6 jackals
  4 kobolds
  2 quokkas
  A ball python (D:2)
  A bat (D:3)
  2 frilled lizards
  A giant cockroach zombie (D:6)
  4 rats
68 creatures vanquished.

Notes
Turn   | Place    | Note
-------+----------+-------------------------------------------
     0 | D:1      | 4thArraOfDagon the Hill Orc Fighter began the quest for the Orb.
     0 | D:1      | Reached XP level 1. HP: 19/19 MP: 1/1
   153 | D:3      | Noticed an ogre
   154 | D:3      | Reached XP level 2. HP: 27/27 MP: 2/2
   158 | D:3      | Killed an ogre
   158 | D:3      | Reached skill level 4 in Fighting
   158 | D:3      | Reached XP level 3. HP: 23/34 MP: 3/3
   158 | D:3      | Reached XP level 4. HP: 28/41 MP: 4/4
   224 | D:3      | Reached skill level 5 in Axes
   258 | D:3      | Reached XP level 5. HP: 25/47 MP: 5/5
   323 | D:4      | Noticed an ogre
   329 | D:4      | Killed an ogre
   329 | D:4      | Reached skill level 5 in Fighting
   339 | D:4      | Reached XP level 6. HP: 41/56 MP: 6/6
   356 | D:4      | Found a shimmering altar of Xom.
   356 | D:4      | Found a shimmering altar of Xom.
   356 | D:4      | Found a shimmering altar of Xom.
   356 | D:4      | Found a shimmering altar of Xom.
   366 | D:4      | Found a shimmering altar of Xom.
   366 | D:4      | Found a shimmering altar of Xom.
   366 | D:4      | Found a shimmering altar of Xom.
   370 | D:4      | Noticed Grinder
   398 | D:4      | Killed Grinder
   398 | D:4      | Reached XP level 7. HP: 35/62 MP: 7/7
   508 | D:5      | Entered Level 5 of the Dungeon
   512 | D:5      | Reached skill level 6 in Fighting
   541 | D:5      | Noticed Avalon's ghost (novice GrWz)
   600 | D:4      | Noticed Duvessa
   601 | D:4      | Noticed Dowan
   609 | D:4      | Killed Duvessa
   614 | D:4      | Killed Dowan
   646 | D:4      | Got a scorched dagger
   661 | D:4      | Found Sogeipei's Antique Weapon Emporium.
   662 | D:4      | Became a worshipper of Beogh the Brigand
   853 | D:5      | Found a glowing drain.
   857 | Sewer    | Entered a sewer
   918 | Sewer    | Reached skill level 7 in Fighting
   918 | Sewer    | Reached XP level 8. HP: 20/73 MP: 8/8
  1082 | D:5      | Reached skill level 5 in Staves
  1082 | D:5      | Reached skill level 1 in Invocations
  1100 | D:5      | Reached * piety under Beogh
  1285 | D:6      | Found Ynwi's Distillery.
  1288 | D:6      | Turgon: Good morning! Do you feel ready to beat 16.1 k?
  1294 | D:6      | Bought a potion of heal wounds for 55 gold pieces
  1294 | D:6      | Bought a potion of might for 44 gold pieces
  1294 | D:6      | Bought a potion of degeneration for 11 gold pieces
  1294 | D:6      | 4thArraOfDagon: morning!
  1294 | D:6      | 4thArraOfDagon: o haha, me? no :D
  1322 | D:6      | 4thArraOfDagon: it's crazy
  1322 | D:6      | 4thArraOfDagon: too crazy
  1322 | D:6      | Turgon: Insane score by Sapher!
  1395 | D:7      | Found a white marble altar of Elyvilon.
  1396 | D:7      | Found a staircase to the Ecumenical Temple.
  1411 | D:6      | Found Ydeany's Food Shop.
  1502 | D:6      | Mangled by an ogre

Vault maps used:
D:1:      lightli_iron_boxes, minmay_heptomino_h4
D:2:      minmay_cut_off
D:3:      grunt_dithmenos_smoke, lemuel_coloured_pillars_altar,
          minmay_misc_feat_rows
D:4:      zin_angel, lemuel_zombie_altar_kikubaaqudgha, xom_redecorated,
          first_ration, serial_shops, kennysheep_little_box,
          kennysheep_generic_room_15, uniq_ijyb, uniq_duvessa, uniq_grinder
D:5:      grunt_temple_overflow_holy_war, fedhas_altar_1, gup_sewer_entry_spiral
D:6:      serial_shops, nicolae_shop_behind_doors, shop, nicolae_shop_waterfront
D:7:      nicolae_qazlal_eye_of_the_storm, overflow_temple_1_default,
          minmay_temple_entry_statues_pillars
Sewer:    sewer_the_crocodile

Skill      XL: |  1  2  3  4  5  6  7  8 |
---------------+-------------------------+-----
Axes           | 3 4 5 6 |  6.3
Fighting       | 4 5 7 |  7.6
Armour         | 4 |  4.0
Staves         | 2 4 5 |  5.8
Invocations    | 3 |  3.0
Shields        | |  3.2

Action                   |  1- 3 |  4- 6 |  7- 9 || total
-------------------------+-------+-------+-------++-------
Melee: War axe           |    10 |    46 |    19 ||    75
       Lajatang          |       |     9 |   151 ||   160
       Unarmed           |       |       |     9 ||     9
Invok: Convert to Beogh  |       |       |     1 ||     1
Evoke: Wand              |     2 |     6 |     1 ||     9
  Use: Potion            |       |     1 |     7 ||     8
       Scroll            |       |       |     6 ||     6
 Stab: Paralysed         |       |     2 |       ||     2
  Eat: Chunk             |       |       |     1 ||     1
Armor: Scale mail        |     6 |    26 |   100 ||   132
       Skin              |       |       |    11 ||    11
Dodge: Dodged            |    12 |    30 |    99 ||   141

Table legend:
 A = Spawn XP
 B = Non-spawn XP
 C = Spawn XP percentage of total XP
 D = Spawn monster count
 E = Non-spawn monster count
 F = Spawn count percentage of total count
 G = Total turns spent on level
                    A         B        C        D         E        F      G
               +---------+---------+-------+---------+---------+-------+---------
         Total |       0 |    1940 |   0.0 |       0 |      68 |   0.0 |  1502
               +---------+---------+-------+---------+---------+-------+---------
           D:1 |       0 |       7 |   0.0 |       0 |       3 |   0.0 |    93
           D:2 |       0 |       1 |   0.0 |       0 |       1 |   0.0 |    39
           D:3 |       0 |     161 |   0.0 |       0 |      12 |   0.0 |   191
           D:4 |       0 |     810 |   0.0 |       0 |      12 |   0.0 |   377
           D:5 |       0 |     376 |   0.0 |       0 |      20 |   0.0 |   326
           D:6 |       0 |     427 |   0.0 |       0 |      13 |   0.0 |   320
           D:7 |       0 |      45 |   0.0 |       0 |       1 |   0.0 |    39
         Sewer |       0 |     113 |   0.0 |       0 |       6 |   0.0 |   117
               +---------+---------+-------+---------+---------+-------+---------
